Map: Torres Crepusculares

Players

TheZergLord - Winner!

  • Race: Zerg Zerg
  • League: Master

TheThinWDuke

  • Race: Terran Terran
  • League: Master

VOD

Have the link to the VOD?

Description

Time

  • Played on: May 6, 2016, 11:40 a.m.
  • Length: 12:44
Show
View Real Time Build Order
Export as new Build Order

TheZergLord Zerg - Winner!

Build Orders: Hatch First, Muta Ling Bane 

Get SALT Encoding   

  12  0:01  Drone  
  13  0:12  Overlord  
  13  0:18  Drone  
  14  0:31  Drone x2  
  14  0:34  Drone  
  17  0:54  Hatchery  
  17  0:56  Drone  
  17  1:08  Spawning Pool  
  16  1:11  Drone  
  16  1:15  Extractor  
  16  1:16  Drone  
  17  1:20  Drone  
  18  1:28  Drone  
  19  1:40  Overlord  
  19  1:55  Queen  
  19  1:56  Zergling x2  
  19  2:01  Zergling x2  
  23  2:06  Queen, Zergling x2  
  26  2:16  Metabolic Boost  
  26  2:17  Drone x2  
  26  2:22  Drone  
  29  2:36  Drone x2  
  30  2:51  Queen  
  30  2:52  Hatchery  
  30  2:56  Drone x2  
  30  2:57  Overlord  
  33  3:00  Drone  
  33  3:01  Drone  
  36  3:05  Drone  
  36  3:16  Drone x3  
  39  3:23  Overlord  
  39  3:24  Drone  
  39  3:25  Drone x3  
  43  3:33  Drone  
  44  3:39  Overlord  
  44  3:43  Drone  
  44  3:46  Drone x2  
  44  3:47  Drone  
  48  3:48  Queen x2  
  52  3:59  Spine Crawler  
  52  4:04  Queen  
  52  4:09  Overlord x2  
  54  4:10  Drone  
  54  4:11  Drone x3  
  58  4:20  Overlord  
  58  4:36  Lair  
  58  4:37  Overlord  
  58  4:39  Zergling x2  
  58  4:40  Zergling x12  
  58  4:42  Drone x3  
  58  4:43  Drone  
  69  4:54  Drone  
  69  4:55  Drone  
  69  4:56  Baneling Nest  
  69  4:57  Evolution Chamber  
  69  4:59  Overlord  
  69  5:00  Hatchery  
  69  5:05  Drone x7  
  69  5:06  Drone  
  75  5:27  Zerg Ground Armor Level 1  
  75  5:29  Drone x14  
  75  5:32  Extractor  
  75  5:33  Extractor  
  75  5:34  Extractor  
  75  5:35  Extractor x2  
  84  5:37  Drone x2  
  84  5:38  Drone  
  84  6:01  Queen  
  77  6:22  Drone x6  
  82  6:30  Zergling x6  
  82  6:31  Zergling x12  
  91  6:34  Centrifical Hooks  
  91  6:36  Hatchery  
  91  6:38  Queen  
  91  6:41  Spire  
  91  6:54  Zergling x14  
  91  6:55  Zergling x4  
  99  7:06  Overlord x2  
  97  7:09  Zergling x12  
  97  7:11  Overlord  
  97  7:12  Overlord x2  
  97  7:13  Baneling x5  
  103  7:17  Evolution Chamber  
  103  7:18  Drone  
  103  7:25  Zerg Melee Weapons Level 1  
  103  7:29  Overlord x3  
  103  7:42  Zerg Ground Armor Level 2  
  103  7:48  Queen  
  104  7:53  Mutalisk x7  
  104  7:56  Zergling x6  
  104  7:57  Zergling x22  
  132  7:59  Baneling  
  132  8:00  Baneling x5  
  132  8:04  Zergling x2  
  132  8:05  Zergling x14  
  139  8:07  Baneling x3  
  139  8:08  Baneling x2  
  140  8:13  Zergling x2  
  140  8:14  Zergling x6  
  134  8:26  Zergling x2  
  117  8:27  Zergling x16  
  127  8:42  Drone x14  
  127  8:45  Overseer  
  139  8:52  Pneumatized Carapace  
  139  8:53  Mutalisk x4  
  139  8:54  Mutalisk  
  147  8:58  Baneling  
  147  8:59  Baneling x5  
  146  9:10  Baneling x9  
  146  9:11  Zergling x10  
  146  9:12  Zergling x14  
  158  9:21  Extractor x2  
  158  9:23  Zerg Melee Weapons Level 2  
  156  9:26  Drone  
  156  9:28  Infestation Pit, Overlord x4  
  156  9:29  Hatchery, Zergling x2  
  156  9:30  Zergling x20  
  166  9:37  Baneling  
  166  9:38  Baneling x7  
  165  9:49  Drone x2  
  165  9:52  Zergling x20  
  177  10:01  Baneling  
  177  10:02  Baneling x15  
  177  10:03  Baneling x3  
  150  10:32  Zergling x2  
  150  10:33  Zergling x34  
  150  10:34  Zergling x24  
  159  10:42  Mutalisk x2  
  155  10:51  Mutalisk x4  
  155  10:52  Mutalisk x3  
  164  10:58  Queen, Hive  
  166  11:04  Baneling  
  166  11:05  Baneling x11  
  166  11:06  Baneling  
  166  11:07  Zergling x20  
  166  11:08  Zergling x2  
  177  11:14  Mutalisk  
  177  11:15  Mutalisk  
  177  11:17  Zergling x2  
  177  11:18  Zergling x4  
  184  11:33  Zergling x18  
  184  11:34  Zergling x14  
  184  11:37  Baneling x13  
  153  12:09  Zergling x22  
  153  12:10  Zergling x34  
  169  12:17  Ultralisk Cavern  
  145  12:30  Drone  
  145  12:31  Drone x9  
Show
View Real Time Build Order
Export as new Build Order

TheThinWDuke Terran 

Build Orders: Reaper Expand, MMM Bio 

Get SALT Encoding   

  12  0:02  SCV  
  14  0:14  SCV  
  14  0:18  Supply Depot  
  14  0:26  SCV  
  15  0:40  SCV  
  15  0:41  Barracks  
  16  0:45  Refinery  
  16  0:52  SCV  
  18  1:04  SCV  
  18  1:16  SCV  
  19  1:29  Reaper, Orbital Command  
  20  1:41  Command Center  
  20  1:52  Supply Depot  
  20  1:56  SCV  
  21  2:01  Marine  
  21  2:07  Factory  
  21  2:08  SCV  
  23  2:13  Refinery  
  23  2:20  SCV  
  24  2:23  Barracks Reactor  
  24  2:32  SCV  
  25  2:44  SCV  
  26  2:55  Orbital Command  
  26  2:56  SCV  
  27  3:00  Starport  
  27  3:02  Marine x2  
  27  3:03  Factory Tech Lab  
  29  3:08  SCV  
  30  3:19  Supply Depot  
  30  3:20  Marine x2, SCV  
  30  3:26  Siege Tank  
  36  3:28  SCV  
  36  3:33  SCV  
  38  3:38  Marine x2  
  40  3:44  SCV  
  40  3:45  SCV  
  40  3:46  Command Center  
  41  3:49  Medivac  
  43  3:56  SCV  
  43  4:01  SCV  
  45  4:03  Engineering Bay  
  45  4:05  Engineering Bay  
  45  4:07  Liberator  
  45  4:08  SCV  
  46  4:13  SCV  
  46  4:14  Barracks  
  47  4:20  SCV  
  47  4:22  Barracks  
  48  4:27  SCV  
  52  4:32  Marine x2  
  52  4:37  Supply Depot  
  54  4:39  Terran Infantry Weapons Level 1  
  54  4:42  Refinery  
  54  4:45  Refinery  
  54  4:51  Terran Infantry Armor Level 1  
  54  4:57  Marine x2, SCV x2  
  54  4:58  Factory Tech Lab  
  58  5:00  Orbital Command  
  58  5:22  Marine x3  
  58  5:26  Stimpack  
  61  5:32  Starport Reactor  
  61  5:33  SCV x2  
  61  5:34  Marine, Combat Shields  
  64  5:36  Barracks  
  64  5:37  Factory Reactor  
  64  5:39  Marine  
  64  5:40  Barracks, Armory  
  66  5:42  SCV  
  66  5:43  Supply Depot  
  66  5:55  Marine  
  66  5:56  Marine x2  
  69  5:57  Marine  
  69  5:58  SCV x2  
  69  6:20  Marine x2  
  69  6:21  Widow Mine x2, Marine x2, Orbital Command  
  69  6:23  Medivac x2  
  81  6:32  Barracks Reactor  
  81  6:35  Terran Infantry Weapons Level 2, Barracks Reactor  
  81  6:36  SCV x2  
  81  6:38  Marine  
  84  6:44  Marine  
  85  6:50  Supply Depot  
  85  6:51  Marine x2  
  85  6:52  Supply Depot, SCV  
  88  6:56  Marine  
  88  7:00  Widow Mine x2  
  93  7:09  Terran Infantry Armor Level 2  
  93  7:11  Marine x3  
  93  7:12  SCV  
  97  7:21  Marine  
  97  7:22  Marine x4  
  102  7:26  Medivac x2  
  102  7:29  Marine x2, SCV  
  108  7:36  Supply Depot  
  109  7:38  Supply Depot  
  109  7:40  Marine x2, SCV x2  
  113  7:56  Medivac x2  
  117  7:59  Marine x2  
  117  8:00  Marine x4  
  117  8:02  Widow Mine x2, Marine x2  
  117  8:04  SCV x3  
  132  8:16  SCV  
  132  8:18  SCV  
  116  8:30  Marine x8  
  116  8:31  Medivac x2  
  116  8:32  Missile Turret, SCV x2  
  118  8:35  SCV, Missile Turret  
  118  8:36  Missile Turret  
  107  8:44  SCV  
  107  8:47  Marine, Liberator  
  107  8:48  Marine x5, Liberator  
  112  8:51  Marine x2  
  116  9:00  Widow Mine x2  
  118  9:05  Marine x2  
  118  9:06  Marine x4  
  118  9:07  Missile Turret  
  118  9:08  Refinery x2, Marine  
  118  9:09  Starport, Marine  
  126  9:16  Terran Infantry Weapons Level 3  
  126  9:17  SCV x3  
  126  9:22  Supply Depot  
  126  9:23  Supply Depot, Marine x4  
  133  9:28  Liberator  
  133  9:32  Liberator  
  133  9:34  Widow Mine x2, SCV x2  
  139  9:39  Marine x2  
  139  9:42  Terran Infantry Armor Level 3  
  139  9:43  Marine x2, Terran Ship Weapons Level 1  
  149  9:56  Marine x3  
  152  10:01  Marine  
  152  10:02  Marine x4  
  157  10:18  Supply Depot  
  157  10:21  Supply Depot  
  143  10:32  Liberator x3  
  86  10:36  Marine x4  
  86  10:37  Marine x2  
  86  10:38  Marine x2  
  77  10:50  SCV x3  
  77  10:54  Marine x5  
  77  10:55  Marine  
  77  10:56  Marine  
  84  11:02  SCV x3  
  84  11:03  Widow Mine x2  
  91  11:07  Marine  
  92  11:12  Marine  
  92  11:14  Marine x4, SCV x2  
  92  11:15  Liberator x2  
  92  11:17  SCV  
  100  11:19  Marine x2  
  102  11:26  SCV  
  102  11:30  Marine x2  
  102  11:32  Marine x3  
  114  11:36  Refinery  
  114  11:38  Marine x3, Command Center  
  117  11:49  Marine x2  
  117  11:50  Marine x3  
  101  11:58  Widow Mine x2  
  72  12:09  Marine x4  
  72  12:10  Marine x2  
Tags
 
Add a new tag
Caveats
  • Supply blocks, unpowered buildings, or Contaminate may cause inaccurate times.
  • Supply counts are checked every 10 seconds.